 Dungeon Crawl Stone Soup version 0.22.1-7-g5c428e7 (console) character file.

2 toffzen the Vexing (level 1, 0/7 HPs)
             Began as a Felid Enchanter on Feb 12, 2019.
             Slain by a kobold (4 damage)
             ... on level 1 of the Dungeon.
             The game lasted 00:02:15 (673 turns).

toffzen the Vexing (Felid Enchanter)                 Turns: 673, Time: 00:02:16

Health: 0/7        AC:  1    Str:  4    XL:     1   Next: 25%
Magic:  3/4        EV: 18    Int: 16    God:
Gold:   14         SH:  0    Dex: 16    Spells: 3/4 levels left
                                        Lives:  0   Deaths: 0

rFire    . . .     SeeInvis +     - Unarmed
rCold    . . .     Gourm    .   (shield unavailable)
rNeg     . . .     Faith    .   (armour unavailable)
rPois    .         Spirit   .   (helmet unavailable)
rElec    .         Reflect  .   (cloak unavailable)
rCorr    .         Harm     .   (gloves unavailable)
MR       +....                  (boots unavailable)
Stlth    +++.......             (no amulet)
HPRegen  0.02/turn              c - ring of protection from magic
MPRegen  0.09/turn              (no ring)

@: quick
A: very small, no armour, no weapons or thrown items, stealth, claws 1, fangs 3,
see invisible, carnivore, speed 1, shaggy fur 1, slow metabolism 1, sharp paws
a: no special abilities


You were on level 1 of the Dungeon.
You were not hungry.

You visited 1 branch of the dungeon, and saw 1 of its levels.

You collected 14 gold pieces.

Inventory:

Jewellery
 c - a ring of protection from magic (left paw)
Scrolls
 a - 4 scrolls of identify {unknown}
Potions
 d - a potion of berserk rage {unknown}
Comestibles
 b - a ration


   Skills:
 - Level 2.6 Dodging
 + Level 4.0 Stealth
 - Level 1.0 Unarmed Combat
 + Level 2.0 Spellcasting
 + Level 4.4 Hexes


You had 3 spell levels left.
You knew the following spells:

 Your Spells              Type           Power        Failure   Level  Hunger
a - Corona                Hex            ###....      3%          1    #......

Your spell library contained the following spells:

 Spells                   Type           Power        Failure   Level  Hunger
 Confuse                  Hex            ###.....     10%         3    ###....
 Tukima's Dance           Hex            ###.....     10%         3    ###....
 Ensorcelled Hibernation  Hex/Ice        #.....       12%         2    ###....
 Dazzling Spray           Conj/Hex       #.....       24%         3    ###....


Dungeon Overview and Level Annotations

Branches:
Dungeon (1/15)

Altars:


Innate Abilities, Weirdness & Mutations

You cannot wear armour.
You are incapable of wielding weapons or throwing items.
Your paws allow you to move quietly. (Stealth)
You have sharp claws.
You have razor-sharp teeth.
You have supernaturally acute eyesight. (SInv)
You are carnivorous and can eat meat at any time.
You cover ground quickly.
You are covered in fur. (AC +1)
You have a slow metabolism.
Your sharp claws are effective at attacking unaware monsters.


Message History

Confirm with . or Enter, or press ? or * to list all spells.
Aiming: Corona (safe; 3% risk of failure)
Press: ? - help, Shift-Dir - straight line, f - kobold
Aim: a kobold (chance to defeat MR: 71%)
The kobold is outlined in light.
You barely miss the kobold. You bite the kobold, but do no damage.
The kobold closely misses you.
You closely miss the kobold. The kobold closely misses you.
You scratch the kobold but do no damage.
Your bite misses the kobold. The kobold hits you.
You barely miss the kobold. The kobold misses you.
You barely miss the kobold. The kobold closely misses you.
You scratch the kobold.
The kobold is moderately wounded.
The kobold stops glowing.
The kobold misses you.
You scratch the kobold but do no damage.
The kobold is moderately wounded.
The kobold hits you.
Ouch! That really hurt!
You die...

......[........##.# ######.
##.....####.....### #......
#.....# #........ #......
#.....# #.###.### #......
#.....# #.# # #...... #.....#
#.###.# #......
##########.....# #......
#.....[#### #####......
#......# #.......... #......#
###.###......
#.....@####.....#......
#......K....#.###......
#......####.#.# #......
######### #...##.# .....
#...[.. #.......# #...####
.......#...... #.......# #...#
........####### #.......#
#...# ####+##### #.......#
#...### ###### #.......#
##....# #..<.#
#.......####....# #....#
#...............#########....#


You could see a kobold.

Vanquished Creatures
  A ball python (D:1)
  A bat (D:1)
  A kobold (D:1)
3 creatures vanquished.

Notes
Turn   | Place    | Note
-------+----------+-------------------------------------------
     0 | D:1      | toffzen the Felid Enchanter began the quest for the Orb.
     0 | D:1      | Reached XP level 1. HP: 7/7 MP: 4/4
   673 | D:1      | Slain by a kobold

Action                   || total
-------------------------++-------
Melee: Unarmed           ||    14
       Bite              ||     2
 Cast: Corona            ||     1
 Stab: Sleeping          ||     1
Dodge: Dodged            ||     9
